 Dungeon Crawl Stone Soup version 0.29-a0-838-g385bb11a5b (webtiles) character file.

Game seed: 1837963778605297460

17247 Pooter the Cleaver (level 12, -1/97 HPs)
             Began as a Minotaur Fighter on July 13, 2022.
             Was a Believer of Trog.
             Slain by a dire elephant simulacrum (5 damage)
             ... in an ice cave on July 14, 2022.
             The game lasted 01:25:47 (14407 turns).

Pooter the Cleaver (Minotaur Fighter)              Turns: 14407, Time: 01:25:48

Health: -1/97      AC: 15    Str: 24    XL:     12   Next: 17%
Magic:  3/3        EV:  8    Int:  5    God:    Trog [**....]
Gold:   347        SH:  5    Dex: 12    Spells: 11/11 levels left

rFire   . . .      SeeInvis .   a - +1 executioner's axe (antimagic)
rCold   + . .      Faith    .   (shield currently unavailable)
rNeg    . . .      Spirit   .   N - +3 chain mail {rC+}
rPois   +          Reflect  +   y - +0 hat
rElec   .          Harm     .   o - +0 cloak
rCorr   .          Rampage  .   v - +0 pair of gloves
Will    +....                   l - +0 pair of boots
Stlth   ..........              R - amulet of reflection
HPRegen 0.26/turn               L - ring of willpower
MPRegen 0.08/turn               P - ring of poison resistance

@: on berserk cooldown, slowed, very slow
A: horns 2, retaliatory headbutt, fangs 1, frail 1, subdued magic 1, inability
to read while threatened 1
a: Renounce Religion, Berserk, Trog's Hand


You were in an ice cave.
You worshipped Trog.
Trog was pleased with you.
You visited 4 branches of the dungeon, and saw 15 of its levels.
You also visited: Bailey and Ice Cave.

You collected 918 gold pieces.
You spent 571 gold pieces at shops.

Inventory:

Hand Weapons
 a - a +1 antimagic executioner's axe (weapon)
   (You acquired it on level 9 of the Dungeon)
 b - a +0 shortbow
   (You took it off a hobgoblin on level 2 of the Dungeon)
 r - a +3 halberd
   (You took it off a wight on level 8 of the Dungeon)
 B - a +3 trident
   (You took it off Blork the orc on level 4 of the Dungeon)
 C - a +0 sling
   (You took it off a centaur on level 5 of the Dungeon)
 D - a +2 dire flail of venom
   (You took it off an orc warrior on level 10 of the Dungeon)
 I - a +0 broad axe
   (You took it off a vault guard in a bailey)
 M - a +2 falchion of holy wrath
   (You took it off an orc on level 7 of the Dungeon)
 V - a +3 morningstar
   (You took it off a wight on level 8 of the Dungeon)
 X - a +1 demon whip of venom
   (You took it off Amaemon on level 8 of the Dungeon)
Missiles
 j - a boomerang (quivered)
 p - 2 throwing nets {!f}
 J - 3 curare-tipped darts
 K - 14 poisoned darts
 Q - 127 stones
Armour
 c - a +0 buckler
 l - a +0 pair of boots (worn)
   (You found it on level 11 of the Dungeon)
 o - a +0 cloak (worn)
   (You found it on level 1 of the Dungeon)
 v - a +0 pair of gloves (worn)
   (You found it on level 2 of the Dungeon)
 y - a +0 hat (worn)
   (You found it on level 2 of the Dungeon)
 N - a +3 chain mail of cold resistance (worn)
   (You found it on level 8 of the Dungeon)
 O - a +0 plate armour
   (You took it off a vault guard in a bailey)
Jewellery
 q - an amulet of regeneration
   (You took it off a hobgoblin on level 2 of the Dungeon)
 F - a ring of protection from fire
   (You found it on level 8 of the Dungeon)
 L - a ring of willpower (left hand)
   (You found it on level 7 of the Dungeon)
 P - a ring of poison resistance (right hand)
   (You took it off an orc wizard on level 7 of the Dungeon)
 R - an amulet of reflection (around neck)
   (You found it in a bailey)
Wands
 d - a wand of iceblast (7)
   (You found it on level 8 of the Dungeon)
 f - a wand of flame (18)
   (You found it on level 11 of the Dungeon)
 i - a wand of mindburst (4)
   (You found it in an ice cave)
 x - a wand of acid (2)
   (You found it on level 10 of the Dungeon)
 E - a wand of charming (5)
   (You found it on level 10 of the Dungeon)
Scrolls
 e - 4 scrolls of fog
 g - a scroll of summoning
 s - 3 scrolls of noise {!r}
 t - 7 scrolls of teleportation {@r4}
 w - 2 scrolls of fear {unknown}
 z - 3 scrolls of magic mapping
 W - 2 scrolls of poison {unknown}
Potions
 h - 2 potions of attraction {!q}
 k - 2 potions of haste {unknown}
 m - a potion of degeneration {unknown}
 n - 4 potions of cancellation
 u - 2 potions of berserk rage {unknown}
 A - 6 potions of curing {@q1}
 G - 2 potions of heal wounds {@q2}
 H - 3 potions of magic
 S - 2 potions of might
 T - a potion of invisibility {unknown}
 U - 2 potions of brilliance {unknown}


   Skills:
 + Level 10.9 Fighting
 * Level 14.4 Axes
 - Level 9.5 Ranged Weapons
 - Level 6.0 Throwing
 - Level 3.6 Armour
 - Level 5.6 Stealth
 - Level 3.6 Shields
 - Level 5.4 Evocations


You had 11 spell levels left.
You didn't know any spells.
Your spell library contained the following spells:

 Spells                   Type           Power      Damage    Failure   Level
 Magic Dart               Conj           0%         1d3       98%         1
 Call Imp                 Summ           0%         N/A       99%         2
 Mephitic Cloud           Conj/Pois/Air  0%         N/A       100%        3


Dungeon Overview and Level Annotations

Branches:
Dungeon (11/15)            Temple (1/1) D:6            Lair (1/6) D:11
    Orc (2/2) D:10         Bailey (visited)           IceCv (1/1)
    Elf: Orc:2

Altars:
Ashenzari
Cheibriados
Dithmenos
Elyvilon
Fedhas
Gozag
Hepliaklqana
Kikubaaqudgha
Makhleb
Nemelex Xobeh
Okawaru
Qazlal
Ru
Sif Muna
Trog
Uskayaw
Vehumet
Wu Jian
Xom
Yredelemnul
Zin
The Shining One

Shops:
D:6 *   D:10 ?


Innate Abilities, Weirdness & Mutations

You have a pair of horns on your head.
You reflexively headbutt those who attack you in melee.
You have very sharp teeth.
You are frail. (-10% HP)
Your spells are a little easier to cast, but a little less powerful.
You occasionally lose the ability to read scrolls when taking damage.


Message History

You completely miss the freezing wraith.
The freezing wraith hits you but does no damage.
The freezing wraith hits you.
* * * LOW HITPOINT WARNING * * *
The freezing wraith drains your vigour!
You feel yourself slow down.
You hit the freezing wraith.
The freezing wraith completely misses you.
The freezing wraith hits you but does no damage.
Unknown command.
You hit the freezing wraith but do no damage.
You block the freezing wraith's attack. x2
Unknown command.
You slash the freezing wraith! The freezing wraith hits you.
* * * LOW HITPOINT WARNING * * *
The freezing wraith freezes you! You resist.
* * * LOW HITPOINT WARNING * * *
The freezing wraith barely misses you.
You slice the freezing wraith!!
You destroy the freezing wraith!
Trog accepts your kill.
You closely miss the entropy weaver simulacrum.
The entropy weaver simulacrum barely misses you.
You furiously retaliate!
You headbutt the entropy weaver simulacrum!
The entropy weaver simulacrum hits you but does no damage.
The entropy weaver simulacrum hits you!
* * * LOW HITPOINT WARNING * * *
The entropy weaver simulacrum freezes you.
You resist.
* * * LOW HITPOINT WARNING * * *
The entropy weaver simulacrum hits you but does no damage. x2
The entropy weaver simulacrum closely misses you.
You block the entropy weaver simulacrum's attack.
The entropy weaver simulacrum hits you.
* * * LOW HITPOINT WARNING * * *
The entropy weaver simulacrum freezes you!
You resist.
* * * LOW HITPOINT WARNING * * *
You slice the entropy weaver simulacrum!!
You headbutt the entropy weaver simulacrum!
Trog accepts your kill.
Unknown command.
You slash the dire elephant simulacrum!
You are no longer berserk.
You are exhausted.
You feel as though you will be slow longer.
You block the dire elephant simulacrum's attack.
The dire elephant simulacrum trunk-slaps you.
You die...

#.....:.#
####.####
#.......#
#.......#
#.......#
#.......#
#.......#
##.....##
##.@.##
##Z## ...
.....
.......
#.......#
#).....$#
#[.....(#


You could see a dire elephant simulacrum.

Vanquished Creatures
  2 vault guards (Bailey)
  A two-headed ogre (D:8)
  Amaemon (D:8)
  A cyclops (Orc:1)
  An orc knight (Orc:1)
  An ugly thing (IceCv)
  An elephant (D:10)
  3 ice statues (IceCv)
  An orange demon (D:8)
  Maggie (D:7)
  A kobold demonologist (D:10)
  2 entropy weaver simulacra (IceCv)
  A freezing wraith (IceCv)
  2 ice devils (Lair:1)
  A komodo dragon (Lair:1)
  2 trolls (D:11)
  Prince Ribbit (Bailey)
  A hornet (D:7)
  Grinder (D:4)
  6 yaks
  Sigmund (D:6)
  3 wyverns
  A wraith (D:10)
  7 humans (Bailey)
  A steam dragon (D:6)
  A death yak simulacrum (IceCv)
  4 acid dragons
  A water moccasin (D:8)
  7 orc warriors
  2 sky beasts
  4 black bears
  An ice beast (D:6)
  An ogre (D:3)
  A phantom (D:5)
  2 centaurs
  Blork the orc (D:4)
  2 kobold brigands
  A gnoll sergeant (D:9)
  15 bullfrogs
  A scorpion (D:6)
  2 cane toad simulacra (IceCv)
  19 wights
  An elephant simulacrum (IceCv)
  11 killer bees
  3 howler monkeys
  5 hounds
  6 orc priests
  Ijyb (D:4)
  6 iguanas
  15 orc wizards
  2 wolf simulacra (IceCv)
  5 gnolls
  13 adders
  2 shadow imps
  2 white imps
  An ufetubus (D:5)
  3 worms
  A dart slug (D:3)
  33 orcs
  4 endoplasms
  4 giant cockroaches
  10 goblins
  9 hobgoblins
  3 jackals (D:1)
  3 quokkas
  7 ball pythons
  7 bats
  4 frilled lizards
  17 kobolds
  A rat (D:2)
288 creatures vanquished.

Vanquished Creatures (others)
  A plant (D:11)
1 creature vanquished.

Grand Total: 289 creatures vanquished

Notes
Turn   | Place    | Note
-------+----------+-------------------------------------------
     0 | D:1      | Pooter the Minotaur Fighter began the quest for the Orb.
     0 | D:1      | Reached XP level 1. HP: 19/19 MP: 0/0
   239 | D:1      | Reached skill level 3 in Axes
   239 | D:1      | Reached XP level 2. HP: 23/27 MP: 1/1
   906 | D:2      | Reached skill level 1 in Stealth
   906 | D:2      | Reached XP level 3. HP: 26/33 MP: 2/2
  1827 | D:3      | Reached skill level 1 in Throwing
  1888 | D:3      | Reached XP level 4. HP: 40/40 MP: 3/3
  1937 | D:3      | Found an ancient bone altar of Kikubaaqudgha.
  1949 | D:3      | Found a faded altar of an unknown god.
  2208 | D:3      | Reached skill level 4 in Axes
  2374 | D:4      | Reached skill level 1 in Ranged Weapons
  2541 | D:4      | Noticed Grinder
  2541 | D:4      | Paralysed by Grinder for 5 turns
  2550 | D:4      | Killed Grinder
  2551 | D:4      | Reached skill level 1 in Evocations
  2551 | D:4      | Reached XP level 5. HP: 15/47 MP: 4/4
  2551 | D:4      | Reached XP level 6. HP: 17/53 MP: 5/5
  2971 | D:4      | Noticed Blork the orc
  3069 | D:4      | Reached skill level 5 in Axes
  3394 | D:4      | Noticed Ijyb
  3400 | D:4      | Killed Ijyb
  3401 | D:4      | Reached XP level 7. HP: 58/60 MP: 6/6
  3441 | D:4      | Killed Blork the orc
  3456 | D:5      | Entered Level 5 of the Dungeon
  3585 | D:5      | Reached skill level 5 in Fighting
  3857 | D:5      | Reached skill level 6 in Axes
  4448 | D:5      | Reached XP level 8. HP: 60/69 MP: 7/7
  4494 | D:5      | Upgraded the game from 0.29-a0-834-g1e95ca9f62 to
                  | 0.29-a0-838-g385bb11a5b
  4555 | D:6      | Noticed Sigmund
  4572 | D:6      | Killed Sigmund
  4583 | D:6      | Found a staircase to the Ecumenical Temple.
  4590 | D:6      | Reached skill level 5 in Ranged Weapons
  4602 | Temple   | Entered the Ecumenical Temple
  4669 | Temple   | Became a worshipper of Trog the Wrathful
  4934 | D:6      | Reached skill level 7 in Axes
  5115 | D:6      | Found Xurinuz's Assorted Antiques.
  5123 | D:6      | Bought a scroll of identify for 62 gold pieces
  5123 | D:6      | Bought a fizzy cyan potion for 27 gold pieces
  5123 | D:6      | Bought a fizzy cyan potion for 27 gold pieces
  5686 | D:6      | Found a basalt altar of Yredelemnul.
  5700 | D:6      | Reached XP level 9. HP: 34/75 MP: 8/8
  6034 | D:6      | Reached * piety under Trog
  6760 | D:7      | Reached skill level 8 in Axes
  7082 | D:7      | Found a shadowy altar of Dithmenos.
  7174 | D:7      | Noticed Maggie
  7184 | D:7      | Killed Maggie
  7485 | D:8      | Reached ** piety under Trog
  7500 | D:8      | Noticed a two-headed ogre
  7504 | D:8      | Killed a two-headed ogre
  7505 | D:8      | Reached skill level 9 in Axes
  7505 | D:8      | Reached XP level 10. HP: 84/86 MP: 9/9
  7523 | D:8      | Found a flagged portal.
  7529 | Bailey   | Entered a bailey
  7588 | Bailey   | Reached skill level 5 in Throwing
  7754 | Bailey   | Noticed a vault guard
  7763 | Bailey   | Killed a vault guard
  7764 | Bailey   | Reached skill level 10 in Axes
  7764 | Bailey   | Reached skill level 5 in Stealth
  7847 | Bailey   | Noticed a vault guard
  7847 | Bailey   | Noticed Prince Ribbit
  7867 | Bailey   | Killed a vault guard
  7868 | Bailey   | Reached skill level 5 in Evocations
  7980 | Bailey   | Killed Prince Ribbit
  8196 | D:8      | Found a broken altar of Ashenzari.
  8392 | D:8      | Reached XP level 11. HP: 94/94 MP: 10/10
  8558 | D:8      | Identified the +2 leather armour of Ru's Regard {rC+}
  8568 | D:8      | Found a shimmering blue altar of Sif Muna.
  8577 | D:8      | Found a burning altar of Makhleb.
  8794 | D:8      | Found a white marble altar of Elyvilon.
  8830 | D:8      | Noticed Amaemon
  8838 | D:8      | Killed Amaemon
  8839 | D:8      | Reached skill level 11 in Axes
  9116 | D:9      | Identified a scroll of acquirement
  9116 | D:9      | Acquired a +0 antimagic executioner's axe
 10292 | D:10     | Entered Level 10 of the Dungeon
 10405 | D:10     | Found a staircase to the Orcish Mines.
 10419 | Orc:1    | Entered Level 1 of the Orcish Mines
 10490 | Orc:2    | Entered Level 2 of the Orcish Mines
 10524 | Orc:2    | Noticed an orc sorcerer
 10525 | Orc:2    | Paralysed by an orc sorcerer for 2 turns
 10525 | Orc:2    | Noticed an orc knight
 10569 | Orc:1    | Killed an orc knight
 10639 | Orc:1    | Reached skill level 12 in Axes
 11023 | D:10     | Found an iron altar of Okawaru.
 11130 | D:10     | Found Hujer's Magic Scroll Shoppe.
 11159 | D:10     | Bought a scroll of identify for 28 gold pieces
 11159 | D:10     | Bought a scroll of enchant armour for 105 gold pieces
 11159 | D:10     | Bought a scroll of identify for 28 gold pieces
 11159 | D:10     | Bought a scroll of summoning for 133 gold pieces
 11159 | D:10     | Bought a scroll of enchant weapon for 105 gold pieces
 11159 | D:10     | Bought a scroll of fog for 56 gold pieces
 11273 | D:10     | Found an opulent altar of Gozag.
 11845 | D:11     | Found a bloodstained altar of Trog.
 12216 | D:10     | Reached skill level 13 in Axes
 13073 | D:11     | Reached skill level 10 in Fighting
 13401 | D:11     | Found a staircase to the Lair.
 13607 | Lair:1   | Entered Level 1 of the Lair of Beasts
 13867 | Lair:1   | Found a frozen archway.
 13889 | IceCv    | Entered an ice cave
 13905 | IceCv    | Reached XP level 12. HP: 47/107 MP: 3/11
 14072 | IceCv    | Reached skill level 14 in Axes
 14378 | IceCv    | Gained mutation: You occasionally lose the ability to read
                  | scrolls when taking damage. [potion of mutation]
 14379 | IceCv    | Lost mutation: You occasionally lose the ability to read
                  | scrolls when taking damage. [potion of mutation]
 14379 | IceCv    | Gained mutation: You are covered in fur. (AC +1) [potion of
                  | mutation]
 14379 | IceCv    | Gained mutation: You are agile. (Dex +4, Str/Int -1)
                  | [potion of mutation]
 14380 | IceCv    | Lost mutation: You are agile. (Dex +4, Str/Int -1) [potion
                  | of mutation]
 14380 | IceCv    | Lost mutation: You are covered in fur. (AC +1) [potion of
                  | mutation]
 14380 | IceCv    | Gained mutation: Your spells are a little easier to cast,
                  | but a little less powerful. [potion of mutation]
 14380 | IceCv    | Gained mutation: You are frail. (-10% HP) [potion of
                  | mutation]
 14380 | IceCv    | Gained mutation: You occasionally lose the ability to read
                  | scrolls when taking damage. [potion of mutation]
 14380 | IceCv    | Gained mutation: You have very sharp teeth. [potion of
                  | mutation]
 14405 | IceCv    | HP: 5/145 [entropy weaver simulacrum (8)]
 14407 | IceCv    | Slain by a dire elephant simulacrum

Illustrated notes

Levels and vault maps discovered:
D:1:      giann_horns, layout_loops_ring
D:2:      layout_basic
D:3:      layout_basic, old_standard_altar, basic_ecumenical_altar
D:4:      layout_gridville, uniq_grinder, uniq_ijyb, uniq_blork_the_orc
D:5:      layout_loops_ring
D:6:      layout_loops_corners, mainiacjoe_overflow_catwalk,
          minmay_temple_entry_tees, serial_shops, shop, uniq_sigmund
D:7:      layout_cave_pools, mainiacjoe_overflow_chevrons, uniq_maggie
D:8:      layout_loops_ring, nicolae_elyvilon_temple_path,
          ashenzari_conservatory_becter, mainiacjoe_overflow_swirl,
          enter_bailey_3, grunt_decor_arrowhead, nicolae_underground_beach,
          uniq_amaemon
D:9:      layout_loops_corners, hangedman_decor_diamond_cutter, uniq_joseph
D:10:     layout_basic, mainiacjoe_overflow_24_doors, grunt_gozag_breadcrumbs,
          minmay_orc_entry_temple_small, serial_shops, shop_statue
D:11:     layout_small_grid, david_lair_generic, trog_hazing_becter
Temple:   nicolae_temple_god_jail
Lair:1:   layout_small_grid, portal_ice_cave_demonic_guard,
          minmay_stone_trees_medium
Orc:1:    layout_diamond_mine, ebering_ghost_reflecting_pool,
          nicolae_orc_lost_temple
Orc:2:    st_orc_ogre_mass, layout_caves, serial_shops, nicolae_lakefront_shop
IceCv:    ice_cave_statue_garden_chambered

Skill      XL: |  1  2  3  4  5  6  7  8  9 10 11 12 |
---------------+-------------------------------------+-----
Axes           | 3 4 5 6 7 9 10 13 14 | 14.4
Fighting       | 4 5 6 7 8 10 | 10.9
Stealth        | 1 2 3 4 5 |  5.6
Throwing       | 1 2 3 4 5 6 |  6.0
Ranged Weapons | 2 3 4 6 7 9 |  9.5
Evocations     | 1 2 3 4 5 |  5.4
Armour         | |  3.6
Shields        | |  3.6

Action                   |  1- 3 |  4- 6 |  7- 9 | 10-12 || total
-------------------------+-------+-------+-------+-------++-------
Melee: War axe           |    64 |    33 |   166 |    60 ||   323
       Headbutt          |     7 |     9 |    39 |    79 ||   134
       Punch             |       |     1 |     2 |     3 ||     6
       Broad axe         |       |       |       |   115 ||   115
       Executioner's axe |       |       |       |   178 ||   178
       Demon whip        |       |       |       |    20 ||    20
       Bite              |       |       |       |     2 ||     2
 Fire: Shortbow          |    25 |    37 |    87 |    41 ||   190
Throw: Boomerang         |     4 |     2 |    10 |    21 ||    37
       Dart              |       |       |     6 |       ||     6
Invok: Berserk           |       |       |     5 |    24 ||    29
       Trog's Hand       |       |       |       |    17 ||    17
Evoke: Wand              |       |       |    13 |     1 ||    14
  Use: Scroll            |     3 |     2 |     4 |    14 ||    23
       Potion            |       |     2 |     2 |     5 ||     9
Armor: Scale mail        |    31 |    21 |    90 |       ||   142
       Chain mail        |       |       |    12 |   228 ||   240
Dodge: Dodged            |    30 |    12 |    95 |   179 ||   316
Block: Buckler           |    10 |       |       |       ||    10
       Other             |       |       |       |     5 ||     5

Table legend: (Time is in decaauts)
 A = Elapsed time spent in this place.
 B = Non-inter-level travel time spent in this place.
 C = Inter-level travel time spent in this place.
 D = Time resting spent in this place.
 E = Time spent auto-exploring this place.
 F = Levels seen in this place.
 G = Mean time per level.
                   A        B        C        D        E       F      G
               +--------+--------+--------+--------+--------+-----+--------+
         Total |  14815 |  14485 |    330 |   4656 |   6903 |  17 |  871.5 |
       Dungeon |  12943 |  12629 |    314 |   3656 |   6731 |  11 | 1176.6 |
        Temple |     84 |     68 |     16 |      0 |     28 |   1 |   84.0 |
          Lair |    298 |    298 |      0 |    113 |    105 |   1 |  298.0 |
  Orcish Mines |    292 |    292 |      0 |    126 |     16 |   2 |  146.0 |
        Bailey |    651 |    651 |      0 |    354 |     23 |   1 |  651.0 |
      Ice Cave |    544 |    544 |      0 |    405 |      0 |   1 |  544.0 |
               +--------+--------+--------+--------+--------+-----+--------+

Top non-repeatable levels by time:
     D:6: 2037 daAuts
    D:11: 1683 daAuts
    D:10: 1423 daAuts
     D:9: 1215 daAuts
     D:8: 1124 daAuts
     D:5: 1117 daAuts
     D:3: 923 daAuts
     D:2: 909 daAuts
     D:1: 890 daAuts
     D:7: 821 daAuts
     D:4: 796 daAuts
  Bailey: 651 daAuts
   IceCv: 544 daAuts
  Lair:1: 298 daAuts
   Orc:1: 238 daAuts
